 Dungeon Crawl Stone Soup version 0.17-a0-1092-gc664a5b (console) character file.

4942 Monkaria the Grappler (level 10, 0/79 HPs)
             Began as a Demonspawn Chaos Knight on May 20, 2015.
             Killed by an exploding ball lightning (14 damage)
             ... created by the player character
             ... on level 1 of the Lair of Beasts.
             The game lasted 00:32:12 (8091 turns).

Monkaria the Grappler (Demonspawn Chaos Knight)     Turns: 8091, Time: 00:32:42

Health: 0/79       AC: 14    Str: 16    XL:     10   Next: 28%
Magic:  10/10      EV: 10    Int: 14    God:    Xom [.*....]
Gold:   432        SH:  0    Dex: 12    Spells: 0 memorised, 9 levels left

rFire  . . .     SeeInvis .       - Unarmed
rCold  . . .     Clarity  +     z - +1 scale mail {rPois}
rNeg   . . .     SustAb   .     (no shield)
rPois  +         Gourm    .     n - +2 hat
rElec  .         Spirit   .     (no cloak)
rCorr  +         Warding  .     (no gloves)
rMut   .         Stasis   .     (boots unavailable)
MR     .....                    C - amulet of resist corrosion
Stlth  ..........               (no ring)
                                J - +3 ring of protection

@: not resistant to hostile enchantments, extremely unstealthy
A: antennae 1, claws 1, talons 3, clarity, spiny 2
a: Renounce Religion


You were on level 1 of the Lair of Beasts.
You worshipped Xom.
You were a plaything of Xom.
You were not hungry.

You visited 3 branches of the dungeon, and saw 10 of its levels.
You also visited: Ossuary.

You collected 432 gold pieces.

Inventory:

Hand weapons
 R - a +2 long sword of flaming
 U - a -2 blowgun
Missiles
 A - 20 tomahawks (quivered)
 M - 8 poisoned needles
 T - 7 curare-tipped needles
Armour
 n - a +2 hat (worn)
 z - a +1 scale mail of poison resistance (worn)
Jewellery
 C - an amulet of resist corrosion (around neck)
 J - a +3 ring of protection (left claw)
Magical devices
 y - a wand of disintegration (24)
 D - a wand of confusion (18)
 N - a wand of magic darts (29)
 P - a wand of frost (22)
Scrolls
 b - a scroll of random uselessness {unknown}
 j - a scroll of teleportation
 m - a scroll of magic mapping {unknown}
 p - 5 scrolls of remove curse
 w - a scroll of torment {unknown}
 G - 2 scrolls of immolation
 K - a scroll of noise
 L - a scroll of silence {unknown}
Potions
 e - 3 potions of lignification
 g - a potion of flight
 h - 5 potions of curing
 i - 2 potions of might
 o - a potion of heal wounds
 t - 2 potions of haste
 E - 2 potions of berserk rage {unknown}
 H - 2 potions of resistance {unknown}
 I - 3 potions of agility {unknown}
Comestibles
 a - 5 chunks of flesh
 c - 7 bread rations


   Skills:
 - Level 7.1 Fighting
 - Level 3.0 Long Blades
 + Level 9.0 Armour
 - Level 1.0 Dodging
 - Level 9.0 Unarmed Combat


You had 9 spell levels left.
You didn't know any spells.

Dungeon Overview and Level Annotations

Branches:
Dungeon (8/15)             Temple (1/1) D:5            Lair (1/8) D:8

Altars:
Cheibriados
Fedhas
Gozag
Kikubaaqudgha
Nemelex Xobeh
Ru
Sif Muna
Xom
Zin
The Shining One

Shops:
D:6 (

Annotations:
Lair:1 Harold


Innate Abilities, Weirdness & Mutations

You have a pair of small antennae on your head.
You have sharp fingernails.
You have claws for feet.
You are mostly covered in sharp spines.
You possess an exceptional clarity of mind.


Message History

You create some ball lightning!
Harold points at you and mumbles some strange words.
The bolt of fire hits you!
* * * LOW HITPOINT WARNING * * *
Read which item? (? for menu, Esc to quit)
As you read the scroll of remove curse, it crumbles to dust.
You feel as if something is helping you.
Wield which item (- for none, * to show all)? (? for menu, Esc to quit)
You are now empty-clawed.
Harold throws a throwing net.
The throwing net closely misses you.
Throwing (i - inventory):
A - 21 tomahawks (quivered)
Press: ? - help, Shift-Dir - straight line, f/p - Harold
Aim: Harold, wielding a scimitar of protection and wearing a ring mail (lightly wounded, poisoned)
You throw a tomahawk. The tomahawk barely misses Harold.
Your ball lightning explodes!
The blast of lightning engulfs Harold.
Harold is moderately wounded.
The blast of lightning engulfs you!
You die...
Xom titters!

###########.###(########
...............<........
........................
.......*................
........####...##....###
........# #...###...##
........# #...# #....#
.......(# #...# #>..###
.......@# #...# #.#####
.........# #...# ##.8...
........####...# #.....#
........# #....# #8.>..+
........# ##...###......
....@...# #....###.8.##
...(....# #...###.#.#.#
........# #...##....###
#...###....##


You could see Harold and a friendly ball lightning (wandering).

Vanquished Creatures
  4 yaks (Lair:1)
  A hippogriff (D:7)
  Eustachio (D:5)
  2 wargs (D:8)
  Menkaure (D:6)
  A water moccasin (D:5)
  An orc warrior (D:8)
  2 sky beasts (D:8)
  A porcupine (Lair:1)
  A phantom (D:4)
  An ice beast (D:6)
  2 ogres
  2 crocodiles (Lair:1)
  3 giant frogs
  A big kobold (D:8)
  4 centaurs
  4 water moccasin zombies (Ossuary)
  2 scorpions
  4 wights (D:6)
  5 hounds
  4 crimson imps
  A centaur zombie (D:6)
  2 jellies (D:6)
  9 orc priests
  4 orc wizards
  A centaur skeleton (D:8)
  An iguana (D:4)
  A giant frog skeleton (D:7)
  4 worker ants
  A killer bee zombie (D:5)
  3 big kobold zombies (Ossuary)
  2 mummies (Ossuary)
  A hound zombie (D:5)
  2 worker ant zombies
  A gnoll (D:5)
  8 adders
  10 river rats (Lair:1)
  A white imp (D:5)
  An ufetubus (D:7)
  5 adder zombies (Ossuary)
  5 worms
  3 giant geckos
  41 orcs
  A bat skeleton (D:6)
  A bat zombie (D:5)
  4 giant cockroaches
  11 hobgoblins
  5 jackals
  14 kobolds
  A ball python (D:5)
  16 bats
  A giant gecko skeleton (D:5)
  A giant newt (D:6)
  2 gnoll zombies (Ossuary)
  14 goblins
  A goblin zombie (D:6)
  A hobgoblin zombie (Ossuary)
  6 kobold zombies (Ossuary)
  5 orc zombies (Ossuary)
  11 rats
  A rat zombie (D:6)
  A fungus (Lair:1)
251 creatures vanquished.

Vanquished Creatures (collateral kills)
  Duvessa (D:5)
  An orc warrior (D:5)
  Dowan (D:5)
  A giant frog skeleton (D:5)
  An iguana (D:5)
  An orc wizard (D:8)
  3 orcs
  A giant gecko skeleton (D:5)
  A rat (D:8)
11 creatures vanquished.

Vanquished Creatures (others)
  A quasit (D:5)
  2 quokkas (D:5)
3 creatures vanquished.

Grand Total: 265 creatures vanquished

Notes
Turn   | Place    | Note
--------------------------------------------------------------
     0 | D:1      | Monkaria the Demonspawn Chaos Knight began the quest for the Orb.
     0 | D:1      | Reached XP level 1. HP: 18/18 MP: 1/1
    24 | D:1      | XOM: silly message
    38 | D:1      | Reached skill level 1 in Dodging
    85 | D:1      | Gained mutation: You have sharp fingernails. [demonic ancestry]
    85 | D:1      | Reached XP level 2. HP: 13/24 MP: 2/2
   335 | D:1      | XOM: colour smoke trail
   399 | D:1      | XOM: harmless Fire miscast
   536 | D:2      | XOM: 1-stop teleportation journey
   593 | D:2      | XOM: harmless Conj miscast
   717 | D:2      | Found a snail-covered altar of Cheibriados.
   993 | D:2      | Gained mutation: You are partially covered in sharp spines. [demonic ancestry]
   993 | D:2      | Reached XP level 3. HP: 22/29 MP: 3/3
  1406 | D:3      | XOM: confusion
  1551 | D:3      | XOM: vitrification
  1663 | D:3      | XOM: torment (16/29 hp)
  1701 | D:3      | XOM: confusion
  1715 | D:2      | Reached skill level 1 in Unarmed Combat
  1749 | D:2      | Gained mutation: You have sharp toenails. [demonic ancestry]
  1749 | D:2      | Reached XP level 4. HP: 4/35 MP: 4/4
  2024 | D:2      | XOM: mild Air miscast
  2230 | D:3      | You fall through a shaft for 2 floors!
  2230 | D:5      | Entered Level 5 of the Dungeon
  2230 | D:5      | Found a staircase to the Ecumenical Temple.
  2238 | Temple   | Entered the Ecumenical Temple
  2301 | D:5      | Noticed a water moccasin
  2309 | D:5      | Killed a water moccasin
  2309 | D:5      | Reached XP level 5. HP: 21/41 MP: 5/5
  2385 | D:5      | XOM: noise
  2461 | D:5      | XOM: summons friendly quasit
  2476 | D:5      | Reached skill level 4 in Unarmed Combat
  2561 | D:5      | Gained mutation: You have razor-sharp toenails. [demonic ancestry]
  2561 | D:5      | Reached XP level 6. HP: 43/47 MP: 6/6
  2616 | D:5      | Noticed an orc warrior
  2633 | D:5      | Killed an orc warrior
  2633 | D:5      | Reached skill level 5 in Unarmed Combat
  2656 | D:5      | Noticed Duvessa
  2664 | D:5      | Noticed Dowan
  2667 | D:5      | Killed Duvessa
  2672 | D:5      | Killed Dowan
  2779 | D:5      | Found a blossoming altar of Fedhas.
  2779 | D:5      | Noticed Eustachio
  2794 | D:5      | XOM: destruction
  2803 | D:5      | Killed Eustachio
  2803 | D:5      | Reached skill level 6 in Unarmed Combat
  2803 | D:5      | Reached XP level 7. HP: 18/52 MP: 7/7
  2825 | D:5      | Found a glowing golden altar of the Shining One.
  2825 | D:5      | XOM: vitrification
  2987 | D:5      | Found an ancient bone altar of Kikubaaqudgha.
  3057 | D:5      | XOM: mild Hex miscast
  3139 | D:5      | XOM: mild Ice miscast
  3186 | D:5      | Noticed a centaur
  3187 | D:5      | Noticed an ogre
  3187 | D:5      | XOM: smoke on damage
  3189 | D:5      | XOM: chaos cloud
  3196 | D:5      | Killed an ogre
  3196 | D:5      | Reached skill level 7 in Unarmed Combat
  3197 | D:5      | Killed a centaur
  3320 | D:5      | XOM: mild Summ miscast
  3494 | D:4      | XOM: divination: detect items
  3566 | D:4      | Found an opulent altar of Gozag.
  3663 | D:4      | Gained mutation: You have claws for feet. [demonic ancestry]
  3663 | D:4      | Reached XP level 8. HP: 53/58 MP: 8/8
  3670 | D:4      | XOM: colour smoke trail
  3798 | D:4      | Reached skill level 8 in Unarmed Combat
  3922 | D:4      | XOM: mild Hex miscast
  4458 | D:3      | XOM: mild Erth miscast
  4772 | D:6      | Found a sand-covered staircase.
  4787 | Ossuary  | Entered an ossuary
  4796 | Ossuary  | XOM: colour smoke trail
  4808 | Ossuary  | Reached skill level 9 in Unarmed Combat
  4866 | Ossuary  | XOM: medium Erth miscast
  4982 | Ossuary  | Reached skill level 5 in Fighting
  5293 | D:6      | Found Ixopn's Weapon Emporium.
  5342 | D:6      | XOM: scenery: create altars
  5368 | D:6      | Gained mutation: You are mostly covered in sharp spines. [demonic ancestry]
  5368 | D:6      | Reached XP level 9. HP: 65/70 MP: 9/9
  5380 | D:6      | Noticed Menkaure
  5381 | D:6      | XOM: butterfly on damage
  5386 | D:6      | Killed Menkaure
  5468 | D:6      | XOM: harmless Air miscast
  5720 | D:6      | XOM: silly message
  6154 | D:7      | XOM is BORED!
  6154 | D:7      | XOM: mild Chrm miscast
  6157 | D:7      | XOM: mild Summ miscast
  6210 | D:7      | Found a sparkling altar of Nemelex Xobeh.
  6211 | D:7      | Found a glowing silver altar of Zin.
  6211 | D:7      | Found a deep blue altar of Sif Muna.
  6265 | D:7      | XOM: enchant monster (good)
  6431 | D:7      | XOM: summons 3 friendly demons
  6436 | D:7      | Reached skill level 5 in Armour
  7028 | D:8      | Gained mutation: You can spit weak poison. [mutagenic meat]
  7029 | D:8      | Gained mutation: Your magical capacity is low (-10% MP). [mutagenic meat]
  7030 | D:8      | Lost mutation: Your magical capacity is low (-10% MP). [mutagenic meat]
  7083 | D:8      | XOM: give mutations
  7083 | D:8      | Lost mutation: You can spit weak poison. [Xom's mischief]
  7083 | D:8      | Gained mutation: You are weak. (Str -2) [Xom's mischief]
  7140 | D:8      | Found a sacrificial altar of Ru.
  7220 | D:8      | XOM: confuse monster(s)
  7221 | D:8      | XOM: enchant monster (bad)
  7227 | D:8      | Found a staircase to the Lair.
  7256 | D:8      | XOM: silly message
  7635 | D:8      | Gained mutation: You have a pair of small antennae on your head. [demonic ancestry]
  7635 | D:8      | Reached XP level 10. HP: 71/79 MP: 10/10
  7645 | D:8      | Gained mutation: You possess an exceptional clarity of mind. [mutagenic meat]
  7646 | D:8      | Lost mutation: You are weak. (Str -2) [mutagenic meat]
  7918 | Lair:1   | Entered Level 1 of the Lair of Beasts
  8086 | Lair:1   | Noticed Harold
  8088 | Lair:1   | XOM: cast spell 'Conjure Ball Lightning'
  8091 | Lair:1   | Killed by an exploding ball lightning

Vault maps used:
D:1:      minmay_arrival_checkered_box
D:2:      cheibriados_altar_1, roderic_roman_lattice
D:3:      kennysheep_decorative_pillar
D:4:      lemuel_crystal_altar
D:5:      gammafunk_temple_overflow_forgotten, temple_pool_b, first_bread,
          cheibrodos_gnoll_hut, uniq_duvessa, uniq_eustachio
D:6:      enter_ossuary_4, serial_shops, shop_statue, uniq_menkaure
D:7:      minitemple
D:8:      lemuel_crystal_altar, erik_lair_orcish_takeover
Temple:   cyrus_temple_forest_13
Lair:1:   grunt_megastairs_3, uniq_harold
Ossuary:  ossuary_tomb_2

Action                   |  1- 3 |  4- 6 |  7- 9 | 10-12 || total
-------------------------+-------+-------+-------+-------++-------
Melee: Falchion          |    74 |    42 |       |       ||   116
       Unarmed           |       |    14 |   376 |    84 ||   474
 Fire: Blowgun           |       |       |       |     1 ||     1
Throw: Tomahawk          |       |     4 |     1 |     1 ||     6
  Use: Scroll            |       |       |    20 |     1 ||    21
       Potion            |       |       |     1 |       ||     1
 Stab: Paralysed         |       |       |     1 |       ||     1
       Confused          |       |       |     3 |       ||     3
  Eat: Chunk             |     3 |     3 |    18 |     3 ||    27
       Beef jerky        |       |       |     1 |       ||     1
